 Dungeon Crawl Stone Soup version 0.29.1-1-gd02db6906a (webtiles) character file.

Game seed: 6061060604362897232

1410 Araneus the Spear-Bearer (level 8, -4/69 HPs)
             Began as a Naga Fighter on Sept 29, 2022.
             Slain by Edmund
             ... wielding a +5 flail of protection
              (8 damage)
             ... on level 5 of the Dungeon.
             The game lasted 00:21:25 (6764 turns).

Araneus the Spear-Bearer (Naga Fighter)             Turns: 6764, Time: 00:21:25

Health: -4/69      AC: 12    Str: 20    XL:     8   Next: 70%
Magic:  8/8        EV:  3    Int:  9    God:
Gold:   341        SH:  5    Dex: 11    Spells: 7/7 levels left

rFire   . . .      SeeInvis +   a - +0 trident
rCold   . . .      Faith    .   c - +0 buckler
rNeg    . . .      Spirit   .   r - +0 plate armour
rPois   +          Reflect  .   (no helmet)
rElec   .          Harm     .   x - +0 cloak {Stlth+}
rCorr   .          Rampage  .   j - +0 pair of gloves
Will    ++...                   (no barding)
Stlth   ..........              (no amulet)
HPRegen 0.21/turn               l - ring of willpower
MPRegen 0.11/turn               (no ring)

@: mighty, very slow
A: AC +2, large, see invisible, deformed body, poison resistance, slowness 2,
spit poison 1, naga tail 1
a: Spit Poison


You were on level 5 of the Dungeon.
You visited 1 branch of the dungeon, and saw 5 of its levels.

You collected 341 gold pieces.

Inventory:

Hand Weapons
 a - a +0 trident (weapon)
Armour
 c - a +0 buckler (worn)
 j - a +0 pair of gloves (worn)
 r - a +0 plate armour (worn)
 x - a +0 cloak of stealth (worn)
Jewellery
 e - a ring of ice
 l - a ring of willpower (left hand)
Wands
 t - a wand of roots (8)
Scrolls
 b - 5 scrolls of teleportation
 k - 2 scrolls of poison
 w - a scroll of enchant armour
Potions
 f - 2 potions of haste {unknown}
 g - 4 potions of mutation {unknown}
 h - a potion of magic {unknown}
 i - a potion of cancellation
 p - a potion of heal wounds
 s - a potion of attraction


   Skills:
 - Level 3.0 Fighting
 + Level 8.4 Polearms
 + Level 4.9 Armour
 * Level 4.5 Shields


You had 7 spell levels left.
You didn't know any spells.
Your spell library contained the following spells:

 Spells                   Type           Power      Damage    Failure   Level
 Static Discharge         Conj/Air       0%         3-3/arc   100%        2
 Dispel Undead            Necr           0%         3d6       100%        4
 Sticky Flame             Conj/Fire      0%         2d3       100%        4
 Summon Forest            Summ/Tloc      0%         N/A       100%        5
 Eringya's Noxious Bog    Tmut/Pois      0%         N/A       100%        6
 Summon Hydra             Summ           0%         N/A       100%        7


Dungeon Overview and Level Annotations

Branches:
Dungeon (5/15)
 Temple: D:4-7

Altars:
Dithmenos
Qazlal
Uskayaw
Wu Jian

Annotations:
D:5 Edmund


Innate Abilities, Weirdness & Mutations

Your serpentine skin is tough. (AC +2)
You have supernaturally acute eyesight. (SInv)
Armour fits poorly on your strangely shaped body.
Your system is resistant to poisons. (rPois)
You cover ground very slowly.
You can spit poison.
You have a snake-like lower body.


Message History

Edmund hits you with a +5 flail of protection!
* * * LOW HITPOINT WARNING * * *
You are too injured to fight recklessly!
You are too injured to fight recklessly!
You are too injured to fight recklessly!
You are too injured to fight recklessly!
You hit Edmund but do no damage. Edmund hits you but does no damage.
You hit Edmund but do no damage.
Edmund hits you with a +5 flail of protection.
* * * LOW HITPOINT WARNING * * *
You feel much better.
Edmund hits you with a +5 flail of protection.
You are too injured to fight recklessly!
You are too injured to fight recklessly!
You feel very mighty all of a sudden. You block Edmund's attack.
You hit Edmund.
Edmund is lightly wounded.
Edmund hits you with a +5 flail of protection!
You hit Edmund but do no damage.
Edmund is lightly wounded.
Edmund looks more healthy.
Edmund hits you but does no damage.
You puncture Edmund!
Edmund is heavily wounded.
You have got your breath back.
Edmund hits you with a +5 flail of protection!
* * * LOW HITPOINT WARNING * * *
You hit Edmund but do no damage.
Edmund is heavily wounded.
You block Edmund's attack.
You hit Edmund.
Edmund is severely wounded.
You barely miss Edmund.
Edmund is severely wounded.
Edmund hits you with a +5 flail of protection!
* * * LOW HITPOINT WARNING * * *
You barely miss Edmund.
Edmund is severely wounded.
Edmund hits you with a +5 flail of protection!
You die...

*,,,,,,,,,,,,,,,,,,,,,,,,,,,,,,*
*,,,,,,,,...............,,,,,,,*
*,,,,,,,,...............,,,,,,,*
*,,,,,,,.....!....<.....,,,,,,,*
,,,,,,,,................,,,,,,,*
,****,,,................,,,,,,,*
,*,,*,,,................,,,,,,,*
,*,,*..........@))......,,******
,*,,+...........@)......,,*
**,,#...................,,*
**,,#...................,,*
#*,,#...................,,*
.,,,#...................,,*
.,,,#...................,,*
#*,,#..........)........,,*
#*,.#.........##########***
##..#.........#


You could see Edmund.

Vanquished Creatures
  Eustachio (D:4)
  3 black bears
  A gnoll sergeant (D:3)
  A howler monkey (D:5)
  4 hounds (D:3)
  Crazy Yiuf (D:4)
  2 orc priests (D:3)
  An iguana (D:5)
  Ijyb (D:4)
  Natasha (thrice) (D:2)
  4 orc wizards
  9 adders
  23 gnolls
  2 worms (D:2)
  2 dart slugs
  35 orcs
  9 ball pythons
  4 endoplasms
  4 giant cockroaches
  9 goblins
  3 hobgoblins
  16 jackals
  8 kobolds
  4 quokkas
  7 bats
  2 frilled lizards
  7 rats
166 creatures vanquished.

Vanquished Creatures (others)
  2 plants (D:3)
2 creatures vanquished.

Grand Total: 168 creatures vanquished

Notes
Turn   | Place    | Note
-------+----------+-------------------------------------------
     0 | D:1      | Araneus the Naga Fighter began the quest for the Orb.
     0 | D:1      | Reached XP level 1. HP: 21/21 MP: 1/1
   404 | D:1      | Reached skill level 3 in Polearms
   404 | D:1      | Reached XP level 2. HP: 9/28 MP: 2/2
   793 | D:1      | Reached XP level 3. HP: 33/34 MP: 3/3
  1223 | D:2      | Noticed Natasha
  1227 | D:2      | Killed Natasha
  1228 | D:2      | Reached skill level 4 in Polearms
  1228 | D:2      | Reached XP level 4. HP: 34/42 MP: 4/4
  1265 | D:2      | Noticed Natasha
  1274 | D:2      | Killed Natasha
  1314 | D:2      | Noticed Natasha
  1329 | D:2      | Killed Natasha
  1330 | D:2      | Reached skill level 5 in Polearms
  1504 | D:2      | Reached XP level 5. HP: 43/49 MP: 5/5
  2054 | D:3      | Found a shadowy altar of Dithmenos.
  2110 | D:3      | Found a hide-covered altar of Uskayaw.
  2178 | D:3      | Reached skill level 6 in Polearms
  2178 | D:3      | Reached XP level 6. HP: 43/56 MP: 6/6
  2402 | D:3      | Found a faded altar of an unknown god.
  2544 | D:3      | Found an ornate altar of the Wu Jian Council.
  2754 | D:3      | Found a stormy altar of Qazlal.
  3363 | D:3      | Reached XP level 7. HP: 54/62 MP: 7/7
  3459 | D:3      | Reached skill level 7 in Polearms
  4819 | D:4      | Reached XP level 8. HP: 55/69 MP: 8/8
  5027 | D:4      | Noticed Ijyb
  5035 | D:4      | Killed Ijyb
  5169 | D:4      | Noticed Eustachio
  5187 | D:4      | Killed Eustachio
  5188 | D:4      | Reached skill level 8 in Polearms
  5630 | D:4      | Found a runed translucent door.
  5631 | D:4      | Noticed Crazy Yiuf
  5641 | D:4      | Killed Crazy Yiuf
  6497 | D:5      | Entered Level 5 of the Dungeon
  6740 | D:5      | Noticed Edmund
  6764 | D:5      | Slain by Edmund

Illustrated notes

Levels and vault maps discovered:
D:1:      zelgadis_glass_arrival_small, layout_loops_ring, item_on_display_a
D:2:      layout_basic, uniq_natasha
D:3:      lemuel_castle_with_subvaults [lemuel_castle_interior_carwin_1],
          layout_basic, nicolae_wu_jian_wuxing_cycle, amcnicky_altar_gilded,
          mainiacjoe_overflow_alcove_1, lemuel_doored_altar,
          shapermc_ecumenical_altar_pompeii, minmay_misc_feat_tower,
          kennysheep_orc_chapel
D:4:      layout_layer_cave, kennysheep_generic_room_6, uniq_ijyb,
          uniq_crazy_yiuf_cottage, uniq_eustachio
D:5:      layout_gridville, uniq_edmund

Skill      XL: |  1  2  3  4  5  6  7  8 |
---------------+-------------------------+-----
Polearms       | 3 4 5 6 7 8 |  8.4
Shields        | 3 4 |  4.5
Armour         | 3 4 |  4.9
Fighting       | |  3.0

Action                   |  1- 3 |  4- 6 |  7- 9 || total
-------------------------+-------+-------+-------++-------
Melee: Trident           |    71 |   205 |   319 ||   595
 Abil: Spit Poison       |     7 |    36 |    43 ||    86
  Use: Scroll            |       |       |    11 ||    11
       Potion            |       |       |     5 ||     5
Armor: Scale mail        |    28 |    11 |       ||    39
       Chain mail        |       |    64 |       ||    64
       Plate armour      |       |    31 |   244 ||   275
Dodge: Dodged            |    25 |    45 |    54 ||   124
Block: Buckler           |     8 |    47 |    76 ||   131
